| TOP OF THE 1ST |
|
Hamilton Cardinals batting - Pitching for Trois-Riveres Aigles : RHP Nae-wi Choe
|
|
Pitching: RHP Nae-wi Choe
|
|
|
Batting: SHB Kelly Brooks
|
0-0: SOLO HOME RUN (Flyball, 9LD, EV 92.5 MPH), Distance : 352 ft
|
|
Batting: LHB Rafael Banda
|
0-0: Called Strike 0-1: Foul Ball, location: 2F 0-2: Ball 1-2: Ball 2-2: Strikes out looking
|
|
Batting: SHB J.T. Ready
|
0-0: Ball 1-0: Foul Ball, location: 2F 1-1: Ball 2-1: Foul Ball, location: 2F 2-2: SINGLE (Groundball, 56D, EV 107.5 MPH)
|
|
Batting: RHB Shou-feng Chang
|
0-0: Called Strike 0-1: Called Strike J.T. Ready steals 2nd base 0-2: Strikes out swinging
|
|
Batting: RHB Kyle Franken
|
0-0: Foul Ball, location: 2F 0-1: Ball 1-1: SINGLE (Groundball, 56D, EV 100.0 MPH) J.T. Ready to third Runner from 3rd tries for Home, SAFE, throw by LF to home Kyle Franken to second
|
|
Batting: RHB Matt Shaw
|
0-0: Foul Ball, location: 2F 0-1: Foul Ball, location: 2F 0-2: Foul Ball, location: 2F 0-2: Ball 1-2: Ground out 4-3 (Groundball, 4S, EV 86.9 MPH)
|
| Top of the 1st over - 2 runs, 3 hits, 0 errors, 1 left on base; Hamilton 2 - Trois-Riveres 0 |
| BOTTOM OF THE 1ST |
|
Trois-Riveres Aigles batting - Pitching for Hamilton Cardinals : RHP Jae-hong Kym
|
|
Pitching: RHP Jae-hong Kym
|
|
|
Batting: RHB Luis Jara
|
0-0: Ball 1-0: Bunt for hit to 13 - play at first, batter OUT! 1-3
|
|
Batting: RHB Gilbert Hoareau
|
0-0: Foul Ball, location: 2F 0-1: Ground out 5-3 (Groundball, 5, EV 88.1 MPH)
|
|
Batting: SHB Derek Weaver
|
0-0: Ball 1-0: Fly out, F7 (Flyball, 7LS, EV 90.6 MPH)
|
| Bottom of the 1st over - 0 runs, 0 hits, 0 errors, 0 left on base; Hamilton 2 - Trois-Riveres 0 |
| TOP OF THE 2ND |
|
Hamilton Cardinals batting - Pitching for Trois-Riveres Aigles : RHP Nae-wi Choe
|
|
Batting: SHB Jae-hong Kym
|
0-0: Fly out, F8 (Flyball, 78M, EV 80.0 MPH)
|
|
Batting: SHB Felipe Campanella
|
0-0: Called Strike 0-1: Fly out, F7 (Flyball, 7, EV 93.1 MPH)
|
|
Batting: RHB Oscar Higareda
|
0-0: Fly out, F8 (Flyball, 8RM, EV 85.0 MPH)
|
| Top of the 2nd over - 0 runs, 0 hits, 0 errors, 0 left on base; Hamilton 2 - Trois-Riveres 0 |
| BOTTOM OF THE 2ND |
|
Trois-Riveres Aigles batting - Pitching for Hamilton Cardinals : RHP Jae-hong Kym
|
|
Batting: RHB Sandoval Serzedelo
|
0-0: Called Strike 0-1: Ball 1-1: Ball 2-1: Fly out, F9 (Flyball, 9, EV 95.0 MPH)
|
|
Batting: RHB Chris Davis
|
0-0: Called Strike 0-1: Ball 1-1: Ball 2-1: Fly out, F8 (Flyball, 8RD, EV 89.4 MPH)
|
|
Batting: RHB Tony Bonilla
|
0-0: Called Strike 0-1: Ball 1-1: Ball 2-1: Ball 3-1: Called Strike 3-2: Base on Balls
|
|
Batting: RHB Alistair Holmes
|
0-0: Ball 1-0: Ball 2-0: Ball 3-0: Base on Balls Tony Bonilla to second
|
|
Batting: RHB Willie Acevedo
|
0-0: Called Strike 0-1: Ball 1-1: Ball 2-1: Foul Ball, location: 2F 2-2: Fly out, F8 (Line Drive, 8LD, EV 93.1 MPH)
|
| Bottom of the 2nd over - 0 runs, 0 hits, 0 errors, 2 left on base; Hamilton 2 - Trois-Riveres 0 |
| TOP OF THE 3RD |
|
Hamilton Cardinals batting - Pitching for Trois-Riveres Aigles : RHP Nae-wi Choe
|
|
Batting: SHB Kelly Brooks
|
0-0: Swinging Strike 0-1: Foul Ball, location: 2F 0-2: Ball 1-2: Foul Ball, location: 2F 1-2: Strikes out swinging
|
|
Batting: LHB Rafael Banda
|
0-0: Called Strike 0-1: Ground out 5-3 (Groundball, 5, EV 90.6 MPH)
|
|
Batting: SHB J.T. Ready
|
0-0: Called Strike 0-1: Foul Ball, location: 2F 0-2: Ball 1-2: Strikes out swinging
|
| Top of the 3rd over - 0 runs, 0 hits, 0 errors, 0 left on base; Hamilton 2 - Trois-Riveres 0 |
| BOTTOM OF THE 3RD |
|
Trois-Riveres Aigles batting - Pitching for Hamilton Cardinals : RHP Jae-hong Kym
|
|
Batting: RHB Ben Saxton
|
0-0: Foul Ball, location: 2F 0-1: Foul Ball, location: 2F 0-2: Fly out, F8 (Flyball, 8LM, EV 92.5 MPH)
|
|
Batting: RHB Luis Jara
|
0-0: Ball 1-0: Ball 2-0: Ball 3-0: Base on Balls
|
|
Batting: RHB Gilbert Hoareau
|
0-0: Ball 1-0: Ball 2-0: Ball 3-0: Called Strike 3-1: Base on Balls Luis Jara to second
|
|
Batting: SHB Derek Weaver
|
0-0: Ball 1-0: Ball 2-0: Grounds out, U3 (Groundball, 3L, EV 108.1 MPH) Luis Jara to third
|
|
Batting: RHB Sandoval Serzedelo
|
0-0: Fly out, F8 (Flyball, 8LS, EV 84.4 MPH)
|
| Bottom of the 3rd over - 0 runs, 0 hits, 0 errors, 2 left on base; Hamilton 2 - Trois-Riveres 0 |
| TOP OF THE 4TH |
|
Hamilton Cardinals batting - Pitching for Trois-Riveres Aigles : RHP Nae-wi Choe
|
|
Batting: RHB Shou-feng Chang
|
0-0: Ball 1-0: Foul Ball, location: 2F 1-1: Ground out 5-3 (Groundball, 56S, EV 88.1 MPH)
|
|
Batting: RHB Kyle Franken
|
0-0: Ball 1-0: Swinging Strike 1-1: Called Strike 1-2: Foul Ball, location: 2F 1-2: Ball 2-2: Foul Ball, location: 2F 2-2: Foul Ball, location: 2F 2-2: Ball 3-2: Fly out, F8 (Flyball, 8RM, EV 83.1 MPH)
|
|
Batting: RHB Matt Shaw
|
0-0: Called Strike 0-1: Called Strike 0-2: Foul Ball, location: 2F 0-2: Ball 1-2: Ball 2-2: Ball 3-2: Foul Ball, location: 2F 3-2: Base on Balls
|
|
Batting: SHB Jae-hong Kym
|
0-0: Called Strike Matt Shaw is caught stealing 2nd base 2-6
|
| Top of the 4th over - 0 runs, 0 hits, 0 errors, 0 left on base; Hamilton 2 - Trois-Riveres 0 |
| BOTTOM OF THE 4TH |
|
Trois-Riveres Aigles batting - Pitching for Hamilton Cardinals : RHP Jae-hong Kym
|
|
Batting: RHB Chris Davis
|
0-0: Ball 1-0: Ball 2-0: Ground out 1-3 (Groundball, P, EV 75.6 MPH)
|
|
Batting: RHB Tony Bonilla
|
0-0: Ball 1-0: Ball 2-0: Called Strike 2-1: Swinging Strike 2-2: Fly out, F9 (Flyball, 89S, EV 84.4 MPH)
|
|
Batting: RHB Alistair Holmes
|
0-0: Ball 1-0: Ball 2-0: Foul Ball, location: 2F 2-1: Fly out, F8 (Flyball, 8RM, EV 85.0 MPH)
|
| Bottom of the 4th over - 0 runs, 0 hits, 0 errors, 0 left on base; Hamilton 2 - Trois-Riveres 0 |
| TOP OF THE 5TH |
|
Hamilton Cardinals batting - Pitching for Trois-Riveres Aigles : RHP Nae-wi Choe
|
|
Batting: SHB Jae-hong Kym
|
0-0: Ball 1-0: Foul Ball, location: 2F 1-1: Foul Ball, location: 2F 1-2: Strikes out swinging
|
|
Batting: SHB Felipe Campanella
|
0-0: Called Strike 0-1: Swinging Strike 0-2: Ball 1-2: Ball 2-2: Strikes out swinging
|
|
Batting: RHB Oscar Higareda
|
0-0: Foul Ball, location: 2F 0-1: Ball 1-1: Called Strike 1-2: Fly out, F8 (Line Drive, 8RD, EV 88.8 MPH)
|
| Top of the 5th over - 0 runs, 0 hits, 0 errors, 0 left on base; Hamilton 2 - Trois-Riveres 0 |
| BOTTOM OF THE 5TH |
|
Trois-Riveres Aigles batting - Pitching for Hamilton Cardinals : RHP Jae-hong Kym
|
|
Batting: RHB Willie Acevedo
|
0-0: Foul Ball, location: 2F 0-1: Ball 1-1: Foul Ball, location: 2F 1-2: Ball 2-2: Foul Ball, location: 2F 2-2: Ball 3-2: Foul Ball, location: 2F 3-2: Foul Ball, location: 2F 3-2: Foul Ball, location: 2F 3-2: Ground out U3 (Groundball, 3, EV 103.8 MPH)
|
|
Batting: RHB Ben Saxton
|
0-0: Foul Ball, location: 2F 0-1: Called Strike 0-2: Foul Ball, location: 2F 0-2: Ground out 4-3 (Groundball, 4M, EV 89.4 MPH)
|
|
Batting: RHB Luis Jara
|
0-0: Ball 1-0: Foul Ball, location: 2F 1-1: Ball 2-1: Ground out 4-3 (Groundball, 34D, EV 80.0 MPH)
|
| Bottom of the 5th over - 0 runs, 0 hits, 0 errors, 0 left on base; Hamilton 2 - Trois-Riveres 0 |
| TOP OF THE 6TH |
|
Hamilton Cardinals batting - Pitching for Trois-Riveres Aigles : RHP Nae-wi Choe
|
|
Batting: SHB Kelly Brooks
|
0-0: Fly out, F7 (Flyball, 7D, EV 83.1 MPH)
|
|
Batting: LHB Rafael Banda
|
0-0: Ball 1-0: Ball 2-0: Called Strike 2-1: Ball 3-1: Foul Ball, location: 2F 3-2: Foul Ball, location: 2F 3-2: Foul Ball, location: 2F 3-2: Strikes out swinging
|
|
Batting: SHB J.T. Ready
|
0-0: Foul Ball, location: 2F 0-1: Ball 1-1: Ball 2-1: Fly out, F9 (Flyball, 9, EV 82.5 MPH)
|
| Top of the 6th over - 0 runs, 0 hits, 0 errors, 0 left on base; Hamilton 2 - Trois-Riveres 0 |
| BOTTOM OF THE 6TH |
|
Trois-Riveres Aigles batting - Pitching for Hamilton Cardinals : RHP Jae-hong Kym
|
|
Pitching: RHP Daniel Boulter
|
|
|
Batting: RHB Gilbert Hoareau
|
0-0: Called Strike 0-1: Called Strike 0-2: Ball 1-2: Fly out, F7 (Flyball, 78S, EV 98.1 MPH)
|
|
Batting: SHB Derek Weaver
|
0-0: Called Strike 0-1: Ball 1-1: Ball 2-1: Ball 3-1: Base on Balls
|
|
Batting: LHB Jonathan Watt
|
0-0: Ball 1-0: Foul Ball, location: 2F 1-1: Fielders Choice at 2nd, 4-6 (Groundball, 34, EV 85.6 MPH)
|
|
Batting: RHB Chris Davis
|
0-0: Fielders Choice at 2nd, 6-4 (Groundball, 6, EV 84.4 MPH)
|
| Bottom of the 6th over - 0 runs, 0 hits, 0 errors, 1 left on base; Hamilton 2 - Trois-Riveres 0 |
| TOP OF THE 7TH |
|
Hamilton Cardinals batting - Pitching for Trois-Riveres Aigles : RHP Nae-wi Choe
|
|
Batting: RHB Shou-feng Chang
|
0-0: Ball 1-0: Called Strike 1-1: Ball 2-1: Swinging Strike 2-2: Ball 3-2: Foul Ball, location: 2F 3-2: Ground out 4-3 (Groundball, 34, EV 87.5 MPH)
|
|
Batting: RHB Kyle Franken
|
0-0: Swinging Strike 0-1: Called Strike 0-2: Ball 1-2: Foul Ball, location: 2F 1-2: Foul Ball, location: 2F 1-2: SINGLE (Line Drive, 3D, EV 105.0 MPH)
|
|
Batting: RHB Matt Shaw
|
0-0: Ball 1-0: Swinging Strike 1-1: Swinging Strike 1-2: Strikes out swinging
|
|
Batting: SHB Jae-hong Kym
|
0-0: Ball 1-0: Ground out 4-3 (Groundball, 4S, EV 85.0 MPH)
|
| Top of the 7th over - 0 runs, 1 hit, 0 errors, 1 left on base; Hamilton 2 - Trois-Riveres 0 |
| BOTTOM OF THE 7TH |
|
Trois-Riveres Aigles batting - Pitching for Hamilton Cardinals : RHP Daniel Boulter
|
|
Batting: RHB Tony Bonilla
|
0-0: Ball 1-0: Ground out 4-3 (Groundball, 4, EV 100.0 MPH)
|
|
Batting: RHB Alistair Holmes
|
0-0: Called Strike 0-1: Foul Ball, location: 2F 0-2: Ball 1-2: Ball 2-2: Fly out, F9 (Flyball, 89S, EV 95.0 MPH)
|
|
Batting: RHB Willie Acevedo
|
0-0: Ground out 5-3 (Groundball, 56, EV 82.5 MPH)
|
| Bottom of the 7th over - 0 runs, 0 hits, 0 errors, 0 left on base; Hamilton 2 - Trois-Riveres 0 |
| TOP OF THE 8TH |
|
Hamilton Cardinals batting - Pitching for Trois-Riveres Aigles : RHP Nae-wi Choe
|
|
Batting: SHB Felipe Campanella
|
0-0: Ball 1-0: Ball 2-0: Swinging Strike 2-1: Foul Ball, location: 2F 2-2: Ball 3-2: Strikes out swinging
|
|
Batting: RHB Oscar Higareda
|
0-0: Foul Ball, location: 2F 0-1: Called Strike 0-2: Strikes out swinging
|
|
Batting: SHB Kelly Brooks
|
0-0: Called Strike 0-1: Called Strike 0-2: Strikes out swinging
|
| Top of the 8th over - 0 runs, 0 hits, 0 errors, 0 left on base; Hamilton 2 - Trois-Riveres 0 |
| BOTTOM OF THE 8TH |
|
Trois-Riveres Aigles batting - Pitching for Hamilton Cardinals : RHP Daniel Boulter
|
|
Pinch Hitting: LHB Ian Cranton
|
0-0: Ball 1-0: Ball 2-0: Foul Ball, location: 2F 2-1: Foul Ball, location: 2F 2-2: Fly out, F7 (Flyball, 7LSF, EV 83.8 MPH)
|
|
Pinch Hitting: SHB Dan Trainer
|
0-0: Fly out, F9 (Flyball, 89M, EV 88.8 MPH)
|
|
Pinch Hitting: RHB Toshikatsu Omori
|
0-0: Ground out 6-3 (Groundball, 6, EV 101.9 MPH)
|
| Bottom of the 8th over - 0 runs, 0 hits, 0 errors, 0 left on base; Hamilton 2 - Trois-Riveres 0 |
| TOP OF THE 9TH |
|
Hamilton Cardinals batting - Pitching for Trois-Riveres Aigles : RHP Nae-wi Choe
|
|
Pitching: LHP Joel Brown
|
|
|
Now at 2B: Jeff Standridge
|
|
|
Now at SS: Dan Trainer
|
|
|
Now in CF: Micah Logan
|
|
|
Batting: LHB Rafael Banda
|
0-0: Called Strike 0-1: Called Strike 0-2: Ball 1-2: DOUBLE (Groundball, 3L, EV 101.2 MPH)
|
|
Batting: SHB J.T. Ready
|
0-0: Called Strike 0-1: Called Strike 0-2: Ball 1-2: Ball 2-2: Strikes out swinging
|
|
Batting: RHB Shou-feng Chang
|
0-0: Intentional Walk
|
|
Batting: RHB Kyle Franken
|
0-0: Ball 1-0: Swinging Strike 1-1: Called Strike 1-2: Strikes out swinging
|
|
Pinch Hitting: LHB Pete Mitchell
|
0-0: Called Strike 0-1: Swinging Strike 0-2: Ball Wild Pitch! Rafael Banda to third Shou-feng Chang to second 1-2: Fly out, F8 (Flyball, 89D, EV 95.6 MPH)
|
| Top of the 9th over - 0 runs, 1 hit, 0 errors, 2 left on base; Hamilton 2 - Trois-Riveres 0 |
| BOTTOM OF THE 9TH |
|
Trois-Riveres Aigles batting - Pitching for Hamilton Cardinals : RHP Daniel Boulter
|
|
Pitching: RHP David Lopez
|
|
|
Now in LF: Diego Herrera
|
|
|
Now in RF: Pete Mitchell
|
|
|
Pinch Hitting: RHB Gabe Wilcoxon
|
0-0: Called Strike 0-1: SINGLE (Line Drive, 6M, EV 108.1 MPH)
|
|
Batting: LHB Jonathan Watt
|
0-0: Foul Ball, location: 2F 0-1: Ball 1-1: Fly out, F4 (Popup, 13S, EV 83.8 MPH)
|
|
Pinch Hitting: RHB George Connell
|
0-0: Ball 1-0: SINGLE (Groundball, 4MD, EV 101.2 MPH) Gabe Wilcoxon to second
|
|
Pinch Hitting: RHB Joel Wittmier
|
0-0: Swinging Strike 0-1: Fly out, F9 (Flyball, 9, EV 88.8 MPH)
|
|
Pinch Hitting: RHB Roy Johnson
|
0-0: Ball 1-0: Called Strike 1-1: Foul Ball, location: 2F 1-2: Strikes out looking
|
| Bottom of the 9th over - 0 runs, 2 hits, 0 errors, 2 left on base; Hamilton 2 - Trois-Riveres 0 |
|